 Dungeon Crawl Stone Soup version 0.28.0-43-g3370ac3207 (webtiles) character file.

Game seed: 15644949982666338280

5471 Peloso the Carver (level 10, -13/88 HPs)
             Began as a Minotaur Fighter on Mar 23, 2022.
             Was a Priest of Okawaru.
             Mangled by a skeletal warrior
             ... wielding a +0 mace
             ... led by a skeletal warrior
              (16 damage)
             ... on level 8 of the Dungeon.
             The game lasted 00:13:46 (8629 turns).

Peloso the Carver (Minotaur Fighter)                Turns: 8629, Time: 00:13:46

Health: -13/88     AC: 18    Str: 23    XL:     10   Next: 42%
Magic:  7/9        EV:  9    Int:  5    God:    Okawaru [***...]
Gold:   480        SH:  7    Dex: 12    Spells: 9/9 levels left

rFire   . . .      SeeInvis .   a - +0 long sword
rCold   + . .      Faith    .   c - +0 buckler
rNeg    + . .      Spirit   .   g - +0 plate armour
rPois   .          Reflect  .   (helmet restricted)
rElec   .          Harm     .   (no cloak)
rCorr   .          Rampage  .   E - +0 pair of gloves
Will    .....                   (no boots)
Stlth   ..........              o - amulet of regeneration
HPRegen 1.04/turn               e - ring of positive energy
MPRegen 0.11/turn               p - ring of protection from cold

@: heroic
A: horns 2, retaliatory headbutt
a: Renounce Religion, Heroism


You were on level 8 of the Dungeon.
You worshipped Okawaru.
Okawaru was most pleased with you.
You visited 2 branches of the dungeon, and saw 10 of its levels.
You also visited: Bailey.

You collected 480 gold pieces.

Inventory:

Hand Weapons
 a - a +0 long sword (weapon)
 b - a +0 dagger of flaming
Armour
 c - a +0 buckler (worn)
 f - a +0 chain mail
 g - a +0 plate armour (worn)
 E - a +0 pair of gloves (worn)
Jewellery
 e - a ring of positive energy (left hand)
 n - a ring of ice
 o - an amulet of regeneration (around neck)
 p - a ring of protection from cold (right hand)
 u - a ring of magical power
 C - a ring of ice
 O - a +6 ring of intelligence
Wands
 m - a wand of polymorph (11)
 y - a wand of acid (3)
 H - a wand of paralysis (9)
 L - a wand of iceblast (4)
 N - a wand of mindburst (7)
Scrolls
 h - 3 scrolls of fog
 i - 4 scrolls of magic mapping
 k - 2 scrolls of amnesia
 l - a scroll of enchant weapon
 q - a scroll of enchant armour
 r - 3 scrolls of teleportation
 t - a scroll of immolation
 x - 5 scrolls of blinking
 A - 3 scrolls of vulnerability {unknown}
 G - a scroll of torment {unknown}
Potions
 d - a potion of might
 j - 7 potions of mutation
 s - a potion of curing
 v - a potion of ambrosia {unknown}
 w - 2 potions of brilliance {unknown}
 z - 3 potions of magic {unknown}
 B - 3 potions of invisibility
 D - 3 potions of heal wounds {unknown}
 F - a potion of attraction {unknown}
 I - 3 potions of resistance
 J - 2 potions of haste {unknown}
 K - a potion of experience
 M - a potion of berserk rage {unknown}


   Skills:
 + Level 7.8(12.8) Fighting
 + Level 12.1(17.1) Long Blades
 + Level 10.4(15.4) Armour
 + Level 1.8(6.8) Dodging
 + Level 2.2(7.2) Stealth
 + Level 7.7(12.7) Shields
 + Level 0.4 Invocations
 + Level 0.1 Evocations


You had 9 spell levels left.
You didn't know any spells.
Your spell library contained the following spells:

 Spells                   Type           Power      Damage    Failure   Level
 Beastly Appendage        Tmut           0%         N/A       99%         1
 Pain                     Necr           0%         1d4       99%         1
 Slow                     Hex            0%         N/A       99%         1
 Wereblood                Tmut           0%         N/A       100%        2
 Confusing Touch          Hex            0%         N/A       100%        3
 Ignite Poison            Fire/Tmut/Pois 0%         N/A       100%        3
 Mephitic Cloud           Conj/Pois/Air  0%         N/A       100%        3
 Spider Form              Tmut/Pois      0%         N/A       100%        3
 Stone Arrow              Conj/Erth      0%         3d7       100%        3
 Vampiric Draining        Necr           0%         2d6       100%        3
 Freezing Cloud           Conj/Ice/Air   0%         6-21      100%        5
 Lehudib's Crystal Spear  Conj/Erth      0%         10d2      100%        8
 Animate Skeleton         Necr           Unusable   N/A       N/A         1
 Animate Armour           Summ/Erth      Unusable   N/A       N/A         4

Dungeon Overview and Level Annotations

Branches:
Dungeon (9/15)             Temple (1/1) D:6          Bailey (visited)
   Lair: D:8-11         Orc: D:9-12

Altars:
Ashenzari
Cheibriados
Dithmenos
Elyvilon
Fedhas
Hepliaklqana
Makhleb
Nemelex Xobeh
Okawaru
Qazlal
Ru
Sif Muna
Trog
Uskayaw
Vehumet
Wu Jian
Yredelemnul
Zin
The Shining One

Shops:
D:1 [[   D:4 :   D:6 =

Annotations:
D:3 2 transporters
D:4 1 runed translucent door, kalagan's ghost, amateur DECj


Innate Abilities, Weirdness & Mutations

You have a pair of horns on your head.
You reflexively headbutt those who attack you in melee.


Message History

You closely miss the skeletal warrior.
You headbutt the skeletal warrior, but do no damage.
The skeletal warrior is severely damaged.
The skeletal warrior hits you with a +0 mace!
You hit the skeletal warrior. You headbutt the skeletal warrior.
The skeletal warrior is severely damaged.
You closely miss the skeletal warrior.
You headbutt the skeletal warrior, but do no damage.
The skeletal warrior is severely damaged.
The skeletal warrior hits you with a +0 mace.
You hit the skeletal warrior.
You headbutt the skeletal warrior, but do no damage.
The skeletal warrior is severely damaged.
You block the skeletal warrior's attack.
You closely miss the skeletal warrior.
The skeletal warrior is severely damaged.
The skeletal warrior hits you with a +0 mace!
* * * LOW HITPOINT WARNING * * *
You slash the skeletal warrior!
The skeletal warrior is almost destroyed.
The skeletal warrior closely misses you.
You hit the skeletal warrior but do no damage.
Your headbutt misses the skeletal warrior.
The skeletal warrior is almost destroyed.
The skeletal warrior hits you with a +0 mace!
* * * LOW HITPOINT WARNING * * *
You hit the skeletal warrior but do no damage.
The skeletal warrior is almost destroyed.
You feel better.
You block the skeletal warrior's attack.
You gain the combat prowess of a mighty hero.
The skeletal warrior hits you with a +0 mace!
* * * LOW HITPOINT WARNING * * *
You feel better.
The skeletal warrior hits you with a +0 mace!
* * * LOW HITPOINT WARNING * * *
You barely miss the skeletal warrior. You headbutt the skeletal warrior.
The skeletal warrior is almost destroyed.
The skeletal warrior hits you with a +0 mace!
You die...

#...........§#.#..#..
#########..§§##.....#
#...#.......###
##.###[...####
#..#......#
##.##.#)...# #
##..........# #
###### #...###..####
# #....# #@####...#
#######
#....###z###..(##
#......
#....#>.........#
#.#####
#.<..#.#........###.#
#...................#
#.....##........#####
#....###........#
#....# #........#
#...<# #<########


You could see a skeletal warrior.

Vanquished Creatures
  A skeletal warrior (D:8)
  An ugly thing (D:9)
  A kobold demonologist (D:9)
  Grinder (D:3)
  Sigmund (D:2)
  A wyvern (D:9)
  3 water moccasins (D:5)
  2 ice beasts
  A hornet zombie (D:8)
  A sky beast (D:7)
  2 orc warriors
  A black bear (D:6)
  A necrophage (D:7)
  4 ogres
  2 wolves (D:8)
  2 centaurs
  A phantom (D:5)
  3 kobold brigands
  5 bullfrogs
  A scorpion (D:6)
  A hornet simulacrum (D:8)
  7 killer bees (D:9)
  2 howler monkeys (D:8)
  2 electric eels (D:8)
  4 hounds
  2 jellies
  2 orc priests
  2 centaur skeletons
  Jessica (D:2)
  2 bullfrog skeletons (D:5)
  An iguana (D:5)
  3 orc wizards
  2 centaur simulacra (D:8)
  A hound zombie (D:5)
  2 howler monkey zombies
  A howler monkey skeleton (D:7)
  6 adders
  12 gnolls
  5 white imps
  An ufetubus (D:8)
  A worm (D:2)
  33 orcs
  9 bats
  12 endoplasms
  2 giant cockroaches (D:1)
  10 goblins
  8 hobgoblins
  3 quokkas
  6 ball pythons
  4 frilled lizards
  13 kobolds
  7 rats
202 creatures vanquished.

Vanquished Creatures (others)
  12 plants (D:3)
12 creatures vanquished.

Grand Total: 214 creatures vanquished

Notes
Turn   | Place    | Note
-------+----------+-------------------------------------------
     0 | D:1      | Peloso the Minotaur Fighter began the quest for the Orb.
     0 | D:1      | Reached XP level 1. HP: 19/19 MP: 0/0
     7 | D:1      | Found Kum Hergh's Antique Armour Emporium.
   267 | D:1      | Reached XP level 2. HP: 27/27 MP: 1/1
   642 | D:1      | Found Qaclynuy's Antique Armour Boutique.
   930 | D:2      | Noticed Jessica
   932 | D:2      | Killed Jessica
   933 | D:2      | Reached skill level 3 in Long Blades
   933 | D:2      | Reached XP level 3. HP: 33/33 MP: 2/2
  1305 | D:2      | Reached XP level 4. HP: 12/40 MP: 3/3
  1691 | D:2      | Noticed Sigmund
  1864 | D:3      | Found a blossoming altar of Fedhas.
  1964 | D:3      | Reached skill level 4 in Long Blades
  2157 | D:3      | Noticed Grinder
  2160 | D:3      | Found a transporter.
  2170 | D:3      | Killed Grinder
  2171 | D:3      | Reached skill level 5 in Long Blades
  2171 | D:3      | Reached skill level 5 in Armour
  2171 | D:3      | Reached skill level 1 in Dodging
  2171 | D:3      | Reached XP level 5. HP: 34/47 MP: 4/4
  2171 | D:3      | Reached XP level 6. HP: 38/53 MP: 5/5
  2295 | D:3      | Found a transporter.
  2372 | D:3      | Found a radiant altar of Vehumet.
  2907 | D:4      | Reached skill level 1 in Stealth
  3059 | D:4      | Found Wepsocs's Book Boutique.
  3113 | D:4      | Found a runed translucent door.
  3227 | D:4      | Found a sacrificial altar of Ru.
  3235 | D:4      | Reached skill level 6 in Long Blades
  3474 | D:4      | Noticed kalagan's ghost (amateur DECj)
  3586 | D:2      | Found a faded altar of an unknown god.
  3612 | D:2      | Found a hide-covered altar of Uskayaw.
  3767 | D:2      | Killed Sigmund
  3768 | D:2      | Reached XP level 7. HP: 15/60 MP: 6/6
  4074 | D:5      | Entered Level 5 of the Dungeon
  4120 | D:5      | Found a broken altar of Ashenzari.
  4173 | D:5      | Reached skill level 5 in Fighting
  4173 | D:5      | Reached skill level 7 in Long Blades
  4173 | D:5      | Reached skill level 5 in Shields
  4444 | D:5      | Reached skill level 8 in Long Blades
  4444 | D:5      | Reached XP level 8. HP: 69/69 MP: 7/7
  4946 | D:6      | Found an ornate altar of the Wu Jian Council.
  4982 | D:6      | Reached skill level 9 in Long Blades
  4990 | D:6      | Found a staircase to the Ecumenical Temple.
  5003 | Temple   | Entered the Ecumenical Temple
  5033 | Temple   | Became a worshipper of Warmaster Okawaru
  5108 | D:6      | Found Xacu's Jewellery Shop.
  5536 | D:6      | Found a snail-covered altar of Cheibriados.
  5585 | D:6      | Found a shimmering blue altar of Sif Muna.
  5820 | D:7      | Identified the +5 hunting sling of Valour {freeze, rElec
                  | rCorr Int+2}
  5934 | D:7      | Reached XP level 9. HP: 75/75 MP: 8/8
  6042 | D:7      | Reached skill level 10 in Long Blades
  6219 | D:7      | Reached * piety under Okawaru
  6684 | D:8      | HP: 3/78 [electric eel/bolt of electricity (7)]
  7067 | D:8      | Reached ** piety under Okawaru
  7122 | D:9      | Found a flagged portal.
  7148 | Bailey   | Entered a bailey
  7368 | Bailey   | Reached skill level 11 in Long Blades
  7592 | D:9      | Noticed a purple ugly thing
  7616 | D:9      | Killed a purple ugly thing
  7794 | D:9      | Reached XP level 10. HP: 80/86 MP: 9/9
  7945 | D:9      | Reached skill level 10 in Armour
  8009 | D:9      | Noticed a sixfirhy
  8026 | D:9      | Reached *** piety under Okawaru
  8476 | D:9      | Noticed a skeletal warrior
  8476 | D:9      | Noticed a skeletal warrior
  8476 | D:9      | Noticed a skeletal warrior
  8476 | D:9      | Noticed a skeletal warrior
  8511 | D:8      | Killed a skeletal warrior
  8512 | D:8      | Reached skill level 12 in Long Blades
  8627 | D:8      | HP: 2/88 [skeletal warrior/+0 mace[a skeletal warrior]
                  | (12)]
  8629 | D:8      | Mangled by a skeletal warrior

Illustrated notes

Levels and vault maps discovered:
D:1:      scummos_arrival_hexagon, layout_loops_cross, serial_shops,
          nicolae_shop_waterfront, shop
D:2:      layout_basic, dreamdust_ecumenical_altar_hidden_monk_grotto,
          basic_altar, kennysheep_generic_room_9, uniq_sigmund, uniq_jessica
D:3:      layout_basic, mainiacjoe_overflow_chevrons, lemuel_doored_altar,
          gammafunk_ghost_gnarly_gnolls, grunt_ministairs_2, uniq_grinder
D:4:      layout_loops_ring, nicolae_ru_great_annihilating_truth,
          ebering_ghost_sewer_d, serial_shops, nicolae_lakefront_shop
D:5:      layout_loops_ring, nicolae_ashenzari_skybound, st_stairs_12,
          grunt_ministairs_12
D:6:      layout_loops_cross, mainiacjoe_overflow_swirl,
          nzn_wu_jian_contemplation, minmay_temple_entry_mini_moons,
          minmay_shop_enchanted_jewellery
D:7:      layout_basic
D:8:      layout_rooms, serial_ice, serial_ice_e, serial_ice_g, serial_ice_a,
          serial_ice_i
D:9:      layout_gridville, enter_bailey_3, minivault_24
Temple:   minmay_temple_bridge_abc

Skill      XL: |  1  2  3  4  5  6  7  8  9 10 |
---------------+-------------------------------+-----
Fighting       | 4 5 6 7 |  7.8
Long Blades    | 3 5 6 8 9 11 12 | 12.1
Armour         | 4 5 6 8 9 10 | 10.4
Shields        | 4 5 6 7 |  7.7
Dodging        | 1 |  1.8
Stealth        | 1 2 |  2.2
Invocations    | |  0.4
Evocations     | |  0.1

Action                   |  1- 3 |  4- 6 |  7- 9 | 10-12 || total
-------------------------+-------+-------+-------+-------++-------
Melee: Long sword        |    82 |   118 |   371 |   143 ||   714
       Headbutt          |     6 |    15 |    70 |    30 ||   121
Invok: Heroism           |       |       |     2 |     4 ||     6
Evoke: Wand              |       |       |     3 |       ||     3
  Use: Scroll            |       |       |    10 |       ||    10
       Potion            |       |       |     1 |     2 ||     3
Armor: Scale mail        |    24 |       |       |       ||    24
       Plate armour      |    41 |    67 |   210 |    66 ||   384
       Chain mail        |     4 |       |       |       ||     4
Dodge: Dodged            |    32 |    27 |   114 |    40 ||   213
Block: Buckler           |    26 |    35 |    97 |    33 ||   191
